 Dungeon Crawl Stone Soup version 0.18-a0-987-g0b0e4e7 (webtiles) character file.

16 Gnarlagapoticus the Conjurer (level 2, 0/15 HPs)
             Began as a Deep Elf Conjurer on Jan 4, 2016.
             Slain by an adder (2 damage)
             ... on level 1 of the Dungeon.
             The game lasted 00:01:46 (548 turns).

Gnarlagapoticus the Conjurer (Deep Elf Conjurer)     Turns: 548, Time: 00:01:46

Health: 0/15       AC:  2    Str:  5    XL:     2   Next: 41%
Magic:  5/8        EV: 14    Int: 19    God:
Gold:   29         SH:  0    Dex: 15    Spells: 1 memorised, 6 levels left

rFire  . . .     SeeInvis .     (no weapon)
rCold  . . .     Gourm    .     a - +0 robe
rNeg   . . .     Faith    .     (no shield)
rPois  .         Spirit   .     (no helmet)
rElec  .         Dismiss  .     (no cloak)
rCorr  .         Reflect  .     (no gloves)
SustAt .         Harm     .     (no boots)
MR     .....     Rnd*Tele +     (no amulet)
Stlth  ++........               g - +1 ring of evasion
                                d - ring of teleportation (curse)

@: lethally poisoned (0 -> -10), not resistant to hostile enchantments,
unstealthy
A: no striking features
a: Evoke Teleportation


You were on level 1 of the Dungeon.
You were not hungry.

You visited 1 branch of the dungeon, and saw 2 of its levels.

You collected 29 gold pieces.

Inventory:

Armour
 a - a +0 robe (worn)
Jewellery
 d - a cursed ring of teleportation (left hand)
 f - an uncursed ring of flight {unknown}
 g - a +1 ring of evasion (right hand)
Scrolls
 h - a scroll of fear {unknown}
 i - a scroll of teleportation {unknown}
 j - a scroll of identify {unknown}
 k - a scroll of remove curse {unknown}
 l - a scroll of recharging {unknown}
Potions
 e - a potion of agility {unknown}
Books
 b - a book of Conjurations

   Spells                             Type                      Level
   a - Magic Dart                     Conjuration                  1
   b - Searing Ray                    Conjuration                  2
   c - Dazzling Spray                 Conjuration/Hexes            3
   d - Fulminant Prism                Conjuration/Hexes            4
   e - Iskenderun's Mystic Blast      Conjuration                  4
   f - Iskenderun's Battlesphere      Conjuration/Charms           5
Comestibles
 c - a bread ration
 m - a beef jerky


   Skills:
 + Level 2.5 Dodging
 + Level 2.5 Stealth
 + Level 3.1 Spellcasting
 + Level 5.0 Conjurations


You had 6 spell levels left.
You knew the following spells:

 Your Spells              Type           Power        Failure   Level  Hunger
a - Magic Dart            Conj           ###.         1%          1    None


Dungeon Overview and Level Annotations

Branches:
Dungeon (2/15)

Altars:


Message History

* * * LOW HITPOINT WARNING * * *
The adder completely misses you.
Casting: Magic Dart
Confirm with . or Enter, or press ? or * to list all spells.
Aiming: Magic Dart
Press: ? - help, Shift-Dir - straight line, f/p - adder
Aim: an adder (lightly wounded)
The magic dart hits the adder.
The adder is lightly wounded.
The adder completely misses you.
Casting: Magic Dart
Confirm with . or Enter, or press ? or * to list all spells.
Aiming: Magic Dart
Press: ? - help, Shift-Dir - straight line, f/p - adder
Aim: an adder (lightly wounded)
The magic dart hits the adder.
The adder is moderately wounded.
* * * LOW HITPOINT WARNING * * *
You feel sick. The adder bites you.
You die...

#........#####..## ##.....###...
......########.#######..#### #...
...................##..#######...
...........###.###...............
........##.......####.########...
........#.....##........# #...
..........#########...#.### #...
........### #####..###...# ####
.......># ##.S@..## ###.#####
........## #..##### #......#
.........####.## #......#
(.....÷.......# #......#
..............# ##......#
..............# ##.......#
#.............# #........#
#####.################.#......#
#..####.†..........#......#


You could see an adder.

Vanquished Creatures
  A ball python (D:1)
  A giant cockroach (D:1)
  2 goblins
  4 hobgoblins
  5 kobolds
  2 rats (D:1)
15 creatures vanquished.

Notes
Turn   | Place    | Note
--------------------------------------------------------------
     0 | D:1      | Gnarlagapoticus the Deep Elf Conjurer began the quest for the Orb.
     0 | D:1      | Reached XP level 1. HP: 10/10 MP: 6/6
   138 | D:1      | Reached XP level 2. HP: 15/15 MP: 1/8
   472 | D:2      | Reached skill level 5 in Conjurations
   548 | D:1      | Slain by an adder

Vault maps used:
D:1:      dpeg_arrival_refuge, hangedman_feature_mirror
D:2:      lemuel_round_altar

Action                   || total
-------------------------++-------
 Cast: Magic Dart        ||    31
